 Dungeon Crawl Stone Soup version 0.28.0-1-gb440e238dd (webtiles) character file.

Game seed: 15565047796506846069

231 dolemite99 the Cudgeller (level 6, -6/51 HPs)
             Began as a Hill Orc Fighter on Feb 22, 2022.
             Was an Initiate of Ru.
             Killed from afar by an electric eel (10 damage)
             ... with a bolt of electricity
             ... on level 6 of the Dungeon.
             The game lasted 00:04:32 (3939 turns).

dolemite99 the Cudgeller (Hill Orc Fighter)         Turns: 3939, Time: 00:04:33

Health: -6/51      AC: 10    Str: 21    XL:     6   Next: 3%
Magic:  6/6        EV:  7    Int:  8    God:    Ru [......]
Gold:   69         SH:  0    Dex: 10    Spells: 5/5 levels left

rFire   . . .      SeeInvis .   a - +0 dire flail
rCold   . . .      Faith    .   (shield currently unavailable)
rNeg    . . .      Spirit   .   C - +0 chain mail
rPois   .          Reflect  .   (no helmet)
rElec   .          Harm     .   (no cloak)
rCorr   .          Rampage  .   g - +0 pair of gloves
Will    .....                   (no boots)
Stlth   ..........              D - amulet of regeneration
HPRegen 0.97/turn               (no ring)
MPRegen 0.10/turn               (no ring)

@: studying Long Blades, invisible
A: no striking features
a: Renounce Religion


You were on level 6 of the Dungeon.
You worshipped Ru.
Ru was noncommittal.
You visited 2 branches of the dungeon, and saw 6 of its levels.

You collected 69 gold pieces.

Inventory:

Hand Weapons
 a - a +0 dire flail (weapon)
 n - a +0 war axe
 w - a +0 hunting sling
 B - a +0 short sword
Missiles
 h - 114 stones
 k - 4 boomerangs
 l - 9 poisoned darts (quivered)
 t - 42 sling bullets
 A - 36 bolts
Armour
 b - a +0 scale mail
 c - a +0 buckler
 g - a +0 pair of gloves (worn)
 o - a +0 helmet
 C - a +0 chain mail (worn)
Jewellery
 q - an amulet of faith
 D - an amulet of regeneration (around neck)
Scrolls
 j - 3 scrolls of teleportation
 m - 2 scrolls of summoning
 r - a scroll of magic mapping {unknown}
 s - a scroll of immolation {unknown}
 u - a scroll of amnesia {unknown}
 v - a scroll of noise {unknown}
 x - a scroll of holy word {unknown}
 y - a scroll of enchant armour {unknown}
Potions
 d - 2 potions of might
 e - a potion of resistance {unknown}
 f - a potion of haste {unknown}
 i - a potion of ambrosia


   Skills:
 - Level 3.6 Fighting
 - Level 3.7(5.8) Axes
 + Level 5.7(6.1) Maces & Flails
 - Level 3.2 Armour
 - Level 3.2 Shields


You had 5 spell levels left.
You didn't know any spells.
Your spell library contained the following spells:

 Spells                   Type           Power      Damage    Failure   Level
 Magic Dart               Conj           0%         1d3       99%         1
 Call Imp                 Summ           0%         N/A       99%         2
 Mephitic Cloud           Conj/Pois/Air  0%         N/A       100%        3


Dungeon Overview and Level Annotations

Branches:
Dungeon (4/15)             Temple (1/1) D:4

Altars:
Ashenzari
Cheibriados
Dithmenos
Elyvilon
Fedhas
Hepliaklqana
Makhleb
Nemelex Xobeh
Qazlal
Ru
Sif Muna
Trog
Uskayaw
Vehumet
Wu Jian
Yredelemnul
Zin
The Shining One
Beogh

Annotations:
D:4 3 runed translucent doors, freelancePsychic's ghost, amateur NaIE


Message History

You barely miss the electric eel.
The electric eel shoots out a bolt of lightning at you!
The bolt of electricity hits you!
You closely miss the electric eel. You hit the electric eel.
The electric eel is lightly wounded.
The electric eel shoots out a bolt of lightning at you!
The bolt of electricity hits you!
You sock the electric eel!
The electric eel is severely wounded.
The electric eel shoots out a bolt of lightning at you!
The bolt of electricity hits you!
You closely miss the electric eel.
The electric eel is severely wounded.
The electric eel shoots out a bolt of lightning at you!
The bolt of electricity hits you!
* * * LOW HITPOINT WARNING * * *
You miss the electric eel.
The electric eel is severely wounded.
You miss the electric eel.
The electric eel is severely wounded.
The electric eel shoots out a bolt of lightning at you!
The bolt of electricity hits you!
* * * LOW HITPOINT WARNING * * *
You feel much better.
The electric eel shoots out a bolt of lightning at you!
The bolt of electricity hits you!
* * * LOW HITPOINT WARNING * * *
You fade into invisibility!
The electric eel shoots out a bolt of lightning at you!
The bolt of electricity hits you!
* * * LOW HITPOINT WARNING * * *
You miss the electric eel.
The electric eel is severely wounded.
You catch the helpless electric eel completely off-guard!
You hit the electric eel.
The electric eel is almost dead.
The electric eel shoots out a bolt of lightning at you!
The bolt of electricity hits you!
You die...

.## ..# ##
#≈.# #≈# #
#..≈##
#.#≈#...#≈#
..#...#≈#
#...#≈#
#@#≈##
#S#.#≈#
#≈#...#
..#...#≈#
..#...#≈##
...#≈#.# #
..#≈#≈#
≈#≈### ≈#


You could see an electric eel.

Vanquished Creatures
  2 iguanas
  Jessica (D:3)
  Terence (D:3)
  A killer bee zombie (D:4)
  4 gnolls (D:4)
  3 adders
  An orc (D:3)
  3 endoplasms
  A giant cockroach (D:2)
  7 goblins
  5 hobgoblins
  2 quokkas
  5 ball pythons
  4 bats
  4 frilled lizards
  2 kobolds (D:3)
  A rat (D:1)
47 creatures vanquished.

Notes
Turn   | Place    | Note
-------+----------+-------------------------------------------
     0 | D:1      | dolemite99 the Hill Orc Fighter began the quest for the
                  | Orb.
     0 | D:1      | Reached XP level 1. HP: 19/19 MP: 1/1
   254 | D:1      | Reached XP level 2. HP: 21/26 MP: 2/2
   457 | D:1      | Found a faded altar of an unknown god.
   805 | D:2      | Reached skill level 1 in Maces & Flails
  1224 | D:2      | Reached skill level 2 in Maces & Flails
  1224 | D:2      | Reached XP level 3. HP: 28/31 MP: 3/3
  1934 | D:3      | Reached skill level 3 in Maces & Flails
  2055 | D:3      | Noticed Terence
  2065 | D:3      | Killed Terence
  2066 | D:3      | Reached XP level 4. HP: 20/39 MP: 4/4
  2412 | D:3      | Noticed Jessica
  2434 | D:3      | Killed Jessica
  2435 | D:3      | Reached skill level 4 in Maces & Flails
  2601 | D:4      | Reached XP level 5. HP: 31/45 MP: 5/5
  2969 | D:4      | Found a runed translucent gate.
  2969 | D:4      | Found a runed translucent gate.
  2970 | D:4      | Found a runed translucent gate.
  2970 | D:4      | Noticed freelancePsychic's ghost (amateur NaIE)
  2972 | D:4      | Identified the +8 hand axe "Ofel" {vorpal, Will++ Dex+4}
  2978 | D:4      | Found a staircase to the Ecumenical Temple.
  2982 | D:4      | Found a roughly hewn altar of Beogh.
  2992 | Temple   | Entered the Ecumenical Temple
  3122 | Temple   | Became a worshipper of Ru the Awakened
  3143 | D:4      | Reached skill level 5 in Maces & Flails
  3864 | D:4      | Reached XP level 6. HP: 51/51 MP: 6/6
  3920 | D:4      | You fall into a shaft and drop 2 floors!
  3935 | D:6      | HP: 2/51 [electric eel/bolt of electricity (9)]
  3939 | D:6      | Killed from afar by an electric eel

Illustrated notes

Levels and vault maps discovered:
D:1:      lemuel_arrival_tunnels, layout_basic,
          dreamdust_ecumenical_altar_grove, serial_bayou_pond_a
D:2:      layout_rooms
D:3:      layout_basic, minmay_misc_feat_room, uniq_jessica, uniq_terence
D:4:      layout_rooms, kennysheep_okawaru_gauntlet,
          minmay_temple_entry_butterflies, biasface_ghost_orc_armoury
D:6:      layout_rooms, kiku_gazebo_garden_becter, kennysheep_mini_moat,
          gammafunk_ghost_hive, nicolae_water_bricks, uniq_maggie, uniq_sigmund
Temple:   mainiacjoe_temple_coin_purse

Skill      XL: |  1  2  3  4  5 |
---------------+----------------+-----
Axes           | 3 |  3.7
Maces & Flails | 2 3 4 5 |  5.7
Fighting       | |  3.6
Armour         | |  3.2
Shields        | |  3.2

Action                   |  1- 3 |  4- 6 || total
-------------------------+-------+-------++-------
Melee: War axe           |    25 |       ||    25
       Dire flail        |    86 |   104 ||   190
Throw: Stone             |    27 |       ||    27
       Dart              |     8 |     5 ||    13
  Use: Scroll            |     1 |     5 ||     6
       Potion            |       |     3 ||     3
 Stab: Invisible         |       |     1 ||     1
Armor: Scale mail        |    73 |       ||    73
       Chain mail        |       |    81 ||    81
Dodge: Dodged            |    69 |    63 ||   132
Block: Buckler           |     5 |       ||     5
